 Dungeon Crawl Stone Soup version 0.30-a0-1008-g30c9307041 (webtiles) character file.

Game seed: 3754582602859405211

14 xian the Firebug (level 2, -1/15 HPs)
             Began as a Gargoyle Wanderer on Apr 6, 2023.
             Slain by a jackal (2 damage)
             ... on level 1 of the Dungeon.
             The game lasted 00:00:57 (243 turns).

xian the Firebug (Gargoyle Wanderer)                 Turns: 243, Time: 00:00:57

Health: -1/15      AC:  5    Str: 13    XL:     2   Next: 45%
Magic:  2/3        EV: 11    Int: 14    God:
Gold:   23         SH:  0    Dex:  9    Spells: 2/3 levels left

rFire   . . .      SeeInvis .    a - +0 short sword
rCold   . . .      Faith    .    (no shield)
rNeg    + . .      Spirit   .    d - +0 robe
rPois   ∞          Reflect  .    (no helmet)
rElec   +          Rampage  .    (no cloak)
rCorr   .                        b - +0 pair of gloves
Will    .....                    (no boots)
Stlth   +                        (no amulet)
HPRegen 0.22/turn                (no ring)
MPRegen 0.08/turn                (no ring)

@: no status effects
A: sickness immunity, AC +2, negative energy resistance 1, electricity
resistance, torment resistance 1, petrification resistance
a: no special abilities


You were on level 1 of the Dungeon.
You visited 1 branch of the dungeon, and saw 1 of its levels.

You collected 23 gold pieces.

Inventory:

Hand Weapons
 a - a +0 short sword (weapon)
Armour
 b - a +0 pair of gloves (worn)
 d - a +0 robe (worn)
Scrolls
 e - a scroll of enchant armour {unknown}
 g - a scroll of poison {unknown}
 j - a scroll of vulnerability {unknown}
Potions
 c - a potion of attraction
 f - a potion of curing {unknown}
 h - a potion of ambrosia {unknown}
 i - a potion of haste {unknown}


   Skills:
 + Level 2.9 Short Blades
 + Level 1.0 Dodging
 + Level 1.1 Stealth
 + Level 1.0 Spellcasting
 + Level 0.4 Conjurations
 + Level 4.4 Fire Magic


You had 2 spell levels left.
You knew the following spells:

 Your Spells              Type           Power      Damage    Failure   Level
a - Foxfire               Conj/Fire      28%        2x1d5     10%         1

Your spell library contained the following spells:

 Spells                   Type           Power      Damage    Failure   Level
 Inner Flame              Hex/Fire       6%         N/A       32%         3
 Sticky Flame             Conj/Fire      7%         2d3       67%         4


Dungeon Overview and Level Annotations

Branches:
Dungeon (1/15)

Altars:


Innate Abilities, Weirdness & Mutations

You are immune to sickness and miasma.
Your stone body is resilient. (AC +2)
You are immune to poison.
You resist negative energy. (rN+)
You are resistant to electric shocks. (rElec)
You are resistant to unholy torment.
You are immune to petrification.


Message History

The jackal closely misses you.
You barely miss the jackal.
The hobgoblin shouts!
The bat hits you but does no damage. The bat hits you.
* * * LOW HITPOINT WARNING * * *
The jackal barely misses you. The jackal closely misses you.
The jackal bites you but does no damage.
The goblin hits you but does no damage.
You hit the jackal but do no damage. The bat hits you but does no damage.
The jackal closely misses you. The jackal bites you.
* * * LOW HITPOINT WARNING * * *
The jackal barely misses you. The goblin barely misses you.
The jackal barely misses you.
You closely miss the jackal. The bat hits you but does no damage.
The jackal bites you but does no damage. x2
The jackal closely misses you. The goblin closely misses you.
The jackal closely misses you.
You hit the jackal but do no damage. The jackal barely misses you.
The jackal closely misses you. The jackal misses you.
Unknown command.
You closely miss the jackal. The bat misses you. The jackal barely misses you.
The goblin hits you but does no damage.
The jackal bites you but does no damage.
The jackal barely misses you.
You hit the jackal.
The jackal is moderately wounded.
The jackal barely misses you.
The jackal bites you but does no damage.
The goblin hits you with a +0 dagger.
* * * LOW HITPOINT WARNING * * *
The jackal barely misses you.
The jackal bites you but does no damage.
The jackal bites you.
* * * LOW HITPOINT WARNING * * *
You closely miss the jackal.
The jackal is moderately wounded.
The bat hits you.
* * * LOW HITPOINT WARNING * * *
The bat hits you but does no damage. The jackal bites you.
You die...

#...!... #..##..#
##..##..###.++
#.............
#...##..##....
#.######..........# ..
#..........†g.g####..##
....#.###...##.#hb......
.#.............#@##.....
.#..##........rhhg......
.#.# #..........b.###.#.
.#.###...............
.....#.........######.#
.........#######
....[....###########
.##......##........#
....####.##........#


You could see 3 jackals, a hobgoblin, a goblin, 2 bats and a rat.

Vanquished Creatures
  2 dart slugs (D:1)
  An endoplasm (D:1)
  A goblin (D:1)
  2 hobgoblins (D:1)
  A quokka (D:1)
  A kobold (D:1)
  2 rats (D:1)
10 creatures vanquished.

Vanquished Creatures (others)
  13 foxfires (D:1)
13 creatures vanquished.

Grand Total: 23 creatures vanquished

Notes
Turn   | Place    | Note
-------+----------+-------------------------------------------
     0 | D:1      | xian the Gargoyle Wanderer began the quest for the Orb.
     0 | D:1      | xian set off with the following items: a +0 short sword, a
                  | +0 pair of gloves, a potion of attraction, a +0 robe; and
                  | the following spell memorised: Foxfire; and the following
                  | spells available to memorise: Inner Flame, Sticky Flame.
     0 | D:1      | Reached XP level 1. HP: 10/10 MP: 2/2
   107 | D:1      | Reached XP level 2. HP: 13/15 MP: 0/3
   243 | D:1      | Slain by a jackal

Illustrated notes

Levels and vault maps discovered:
D:1:      dpeg_arrival_rooms_c, layout_rooms,
          hellmonk_ecumenical_altar_heavens_door

Action                     || total
---------------------------++-------
  Melee: Short sword       ||    44
   Cast: Foxfire           ||     8
 Armour: Robe              ||    45
  Dodge: Dodged            ||    70

Table legend: (Time is in decaauts)
 A = Elapsed time spent in this place.
 B = Non-inter-level travel time spent in this place.
 C = Inter-level travel time spent in this place.
 D = Time resting spent in this place.
 E = Time spent auto-exploring this place.
 F = Levels seen in this place.
 G = Mean time per level.
                   A        B        C        D        E       F      G
               +--------+--------+--------+--------+--------+-----+--------+
         Total |    237 |    237 |      0 |      0 |    126 |   1 |  237.0 |
       Dungeon |    237 |    237 |      0 |      0 |    126 |   1 |  237.0 |
               +--------+--------+--------+--------+--------+-----+--------+

Top non-repeatable levels by time:
     D:1: 237 daAuts
